 Dungeon Crawl Stone Soup version 0.23-a0-490-ge7ea69a (webtiles) character file.

163 Espgualade the Skirmisher (level 5, 0/35 HPs)
             Began as a Tengu Ice Elementalist on Dec 2, 2018.
             Slain by a worker ant (4 damage)
             ... on level 3 of the Dungeon.
             The game lasted 00:08:01 (4442 turns).

Espgualade the Skirmisher (Tengu Ice Elementalist)  Turns: 4442, Time: 00:08:02

Health: 0/35       AC:  2    Str:  9    XL:     5   Next: 44%
Magic:  1/9        EV: 12    Int: 20    God:
Gold:   254        SH:  0    Dex: 14    Spells: 2/8 levels left

rFire    . . .     SeeInvis .   f - +3 hand axe (elec)
rCold    . . .     Gourm    .   (no shield)
rNeg     . . .     Faith    .   a - +0 robe
rPois    .         Spirit   .   d - +0 hat
rElec    .         Reflect  .   (no cloak)
rCorr    .         Harm     .   (no gloves)
MR       .....                  (boots unavailable)
Stlth    ++........             (no amulet)
HPRegen  0.11/turn              b - +4 ring of intelligence
MPRegen  0.11/turn              (no ring)

@: lethally poisoned (0 -> -19), very slightly contaminated
A: beak, talons 3, able to fly 1
a: Fly


You were on level 3 of the Dungeon.
You were not hungry.

You visited 1 branch of the dungeon, and saw 4 of its levels.

You collected 254 gold pieces.

Inventory:

Hand Weapons
 f - a +3 hand axe of electrocution (weapon)
 h - a +1 dagger of venom
Armour
 a - a +0 robe (worn)
 d - a +0 hat (worn)
Jewellery
 b - a +4 ring of intelligence (left hand)
 j - an uncursed amulet of regeneration
Scrolls
 n - a scroll of identify
 o - a scroll of enchant armour {unknown}
Potions
 g - 2 potions of haste
 i - a potion of berserk rage
 k - a potion of curing
 l - a potion of brilliance
 m - a potion of invisibility {unknown}
Comestibles
 c - 4 rations


   Skills:
 - Level 5.0 Fighting
 + Level 2.1 Dodging
 + Level 2.0 Stealth
 - Level 2.0 Spellcasting
 - Level 1.3 Conjurations
 - Level 2.6 Ice Magic


You had 2 spell levels left.
You knew the following spells:

 Your Spells              Type           Power        Failure   Level  Hunger
a - Freeze                Ice            ##..         5%          1    #......
b - Throw Frost           Conj/Ice       ##....       11%         2    ##.....
c - Ozocubu's Armour      Chrm/Ice       #.......     26%         3    ###....

Your spell library contained the following spells:

 Spells                   Type           Power        Failure   Level  Hunger
 Throw Icicle             Conj/Ice       ##......     56%         4    #####..
 Summon Ice Beast         Ice/Summ       #.......     65%         4    #####..


Dungeon Overview and Level Annotations

Branches:
Dungeon (4/15)
 Temple: D:4-7

Altars:

Annotations:
D:4 Grinder


Innate Abilities, Weirdness & Mutations

You have a beak for a mouth.
You have claws for feet.
You can fly.


Message History

Aim: a worker ant (lightly wounded)
You freeze the worker ant.
The worker ant is heavily wounded.
The worker ant bites you.
You are poisoned.
The worker ant poisons you! The hound bites you.
Casting: Freeze (safe; 5% risk of failure)
Confirm with . or Enter, or press ? or * to list all spells.
Aiming: Freeze (safe; 5% risk of failure)
Press: ? - help, Shift-Dir - straight line, f/p - worker ant
Aim: a worker ant (heavily wounded)
You freeze the worker ant.
The worker ant is severely wounded.
You feel sick. The hound closely misses you. The worker ant bites you.
* * * LOW HITPOINT WARNING * * *
You are lethally poisoned!
The worker ant poisons you! The hound bites you.
* * * LOW HITPOINT WARNING * * *
The worker ant bites you.
You die...

#.#.###.# ##'##
#.#.# #.# ##...#
#.#.###.# ##.....
#.#.##).# ##......
#.#.#...####.......
#.......)..+.......
##.#....####.......
#a###..## ##......
##@#.### ##.....
##h## ##..<# #.#
##'## #.# #.# #.#
#.# #.# ##.##
####.##### ##...#
#........# #.....
#.##.###.#######....


You could see a hound and a worker ant.

Vanquished Creatures
  A bullfrog skeleton (D:4)
  4 adders
  An ooze (D:1)
  A worm (D:2)
  4 dart slugs
  A leopard gecko (D:3)
  3 orcs (D:3)
  5 giant cockroaches
  11 goblins
  6 hobgoblins
  11 jackals
  4 kobolds
  3 ball pythons (D:3)
  8 bats
  6 frilled lizards
  8 rats
77 creatures vanquished.

Notes
Turn   | Place    | Note
-------+----------+-------------------------------------------
     0 | D:1      | Espgualade the Tengu Ice Elementalist began the quest for
                  | the Orb.
     0 | D:1      | Reached XP level 1. HP: 10/10 MP: 4/4
    68 | D:1      | Reached skill level 1 in Fighting
   286 | D:1      | Reached XP level 2. HP: 5/17 MP: 0/6
   570 | D:1      | Reached skill level 2 in Fighting
   746 | D:1      | Reached XP level 3. HP: 1/22 MP: 3/7
  1686 | D:2      | Reached skill level 3 in Fighting
  1859 | D:2      | Learned a level 2 spell: Throw Frost
  2243 | D:2      | Reached XP level 4. HP: 26/28 MP: 8/8
  2872 | D:2      | Learned a level 3 spell: Ozocubu's Armour
  2992 | D:3      | Reached skill level 4 in Fighting
  3514 | D:3      | Gained mutation: You can fly. [Tengu growth]
  3514 | D:3      | Reached XP level 5. HP: 30/34 MP: 9/9
  4224 | D:4      | Noticed Grinder
  4235 | D:3      | Reached skill level 5 in Fighting
  4442 | D:3      | Slain by a worker ant

Vault maps used:
D:1:      nzn_arrival_water_spiral, chequers_decorated_corner
D:3:      cheibrodos_helix_gallery
D:4:      minmay_temple_entry_wispy, grunt_ministairs_10,
          grunt_nemelex_the_gamble, uniq_grinder

Skill      XL: |  1  2  3  4  5 |
---------------+----------------+-----
Fighting       | 1 2 3 4 5 |  5.0
Dodging        | |  2.1
Stealth        | |  2.0
Spellcasting   | |  2.0
Conjurations   | |  1.3
Ice Magic      | |  2.6

Action                   |  1- 3 |  4- 6 || total
-------------------------+-------+-------++-------
Melee: Unarmed           |    16 |       ||    16
       Kick              |    11 |     7 ||    18
       Peck              |    10 |     3 ||    13
       Dagger            |    37 |       ||    37
       Hand axe          |    18 |    78 ||    96
 Cast: Freeze            |    22 |    11 ||    33
       Throw Frost       |     2 |     2 ||     4
  Use: Scroll            |     3 |     4 ||     7
       Potion            |     1 |       ||     1
 Stab: Sleeping          |       |     7 ||     7
  Eat: Chunk             |     4 |     5 ||     9
       Ration            |       |     1 ||     1
Armor: Robe              |    16 |    14 ||    30
Dodge: Dodged            |    61 |    64 ||   125

Table legend:
 A = Non-vault XP
 B = Vault XP
 C = Vault XP percentage of total XP
 D = Non-vault monster count
 E = Vault monster count
 F = Vault count percentage of total count
                 A         B        C        D         E       F
            +---------+---------+-------+---------+---------+-------
      Total |     227 |       6 |   2.6 |      74 |       3 |   3.9
            +---------+---------+-------+---------+---------+-------
        D:1 |      51 |       0 |   0.0 |      23 |       0 |   0.0
        D:2 |      54 |       0 |   0.0 |      18 |       0 |   0.0
        D:3 |      80 |       6 |   7.0 |      31 |       3 |   8.8
        D:4 |      42 |       0 |   0.0 |       2 |       0 |   0.0
            +---------+---------+-------+---------+---------+-------
